Map: Port Aleksander LE

Players

SortOf

  • Race: Zerg Zerg
  • Spawn Location: 11:00

Nerchio - Winner!

  • Race: Zerg Zerg
  • Spawn Location: 5:00

Event: 2019 WCS Spring

VOD

Have the link to the VOD?

Description

Time

  • Played on: May 17, 2019, 7:01 a.m.
  • Length: 12:10

All games in this series

Show
View Real Time Build Order
Export as new Build Order

SortOf Zerg 

Build Orders: Hatch First, Roach Nydus 

Get SALT Encoding   

  12  0:01  Drone  
  13  0:12  Overlord  
  13  0:18  Drone  
  14  0:31  Drone x2  
  16  0:39  Drone  
  17  0:53  Hatchery  
  17  0:56  Drone  
  17  0:59  Drone  
  17  1:02  Extractor  
  17  1:15  Spawning Pool  
  17  1:18  Drone  
  17  1:22  Drone  
  18  1:28  Drone  
  19  1:39  Drone  
  20  1:49  Drone  
  21  2:00  Drone  
  22  2:03  Lair  
  22  2:04  Extractor  
  22  2:05  Queen  
  22  2:06  Drone  
  24  2:12  Overlord  
  24  2:15  Drone  
  25  2:23  Zergling x2  
  25  2:28  Drone  
  27  2:33  Drone  
  28  2:40  Queen  
  28  2:42  Roach Warren  
  29  2:45  Evolution Chamber  
  29  2:49  Drone  
  29  2:53  Drone  
  29  2:56  Drone  
  29  2:58  Drone  
  32  3:04  Evolution Chamber  
  31  3:07  Evolution Chamber  
  31  3:09  Drone  
  31  3:16  Nydus Network  
  31  3:19  Overlord  
  30  3:22  Roach  
  32  3:30  Overlord  
  32  3:34  Roach  
  32  3:39  Roach  
  36  3:43  Overlord  
  36  3:50  Roach x3  
  36  3:54  Nydus Canal  
  42  3:57  Roach  
  42  4:02  Roach  
  46  4:08  Roach, Nydus Canal  
  48  4:15  Roach  
  50  4:19  Roach  
  50  4:23  Nydus Canal  
  52  4:28  Roach  
  52  4:29  Roach  
  52  4:33  Roach  
  52  4:36  Roach  
  52  4:37  Nydus Canal  
  52  4:47  Nydus Canal  
  52  4:51  Overlord x2  
  52  5:00  Zerg Missile Weapons Level 1  
  52  5:03  Evolution Chamber  
  51  5:09  Nydus Canal  
  51  5:10  Drone x3  
  51  5:11  Drone  
  55  5:16  Drone  
  55  5:17  Drone  
  57  5:25  Drone x2  
  60  5:29  Glial Reconstitution  
  60  5:41  Overlord, Extractor x2, Queen  
  60  5:43  Overlord  
  60  5:59  Drone  
  60  6:00  Drone x4  
  60  6:01  Drone  
  67  6:04  Drone  
  68  6:11  Drone x2, Spire  
  68  6:14  Overseer  
  68  6:16  Drone  
  69  6:18  Drone  
  69  6:20  Drone  
  69  6:24  Drone x2  
  73  6:31  Roach  
  75  6:34  Overlord  
  75  6:36  Overlord  
  75  6:42  Overlord  
  75  6:56  Roach x2  
  79  7:01  Hatchery  
  78  7:14  Overlord  
  78  7:21  Overlord  
  78  7:24  Mutalisk x5, Zerg Missile Weapons Level 2  
  78  7:27  Mutalisk  
  78  7:29  Queen  
  92  7:33  Roach x2  
  96  7:37  Drone  
  97  7:47  Hatchery  
  97  7:48  Roach x2  
  100  7:55  Roach x3  
  106  8:03  Roach x3  
  112  8:13  Roach x2  
  112  8:15  Overlord x2  
  112  8:18  Overlord  
  116  8:22  Overlord  
  116  8:27  Overlord x2  
  116  8:32  Overlord  
  116  8:35  Roach  
  118  8:41  Roach x2  
  122  8:49  Roach x3  
  122  8:50  Hatchery  
  127  8:56  Roach x2  
  127  8:58  Overseer  
  131  9:04  Roach x2  
  133  9:13  Roach x2  
  133  9:14  Roach x2  
  141  9:24  Roach x4  
  145  9:27  Ravager  
  145  9:28  Ravager x5  
  151  9:35  Roach x2  
  155  9:42  Roach x2  
  159  9:49  Nydus Canal  
  159  9:52  Roach x3  
  165  9:55  Overlord  
  165  10:00  Overlord  
  165  10:01  Overlord  
  165  10:05  Overlord  
  165  10:06  Nydus Canal  
  165  10:11  Roach x2  
  169  10:17  Roach  
  169  10:18  Roach  
  173  10:26  Nydus Canal  
  173  10:27  Roach  
  175  10:32  Roach x3  
  177  10:38  Roach x2  
  179  10:42  Roach  
  179  10:48  Nydus Canal  
  179  10:49  Roach  
  181  11:01  Roach x2  
  181  11:02  Nydus Canal  
  183  11:13  Roach x3  
  183  11:14  Nydus Canal  
  189  11:23  Overseer  
  185  11:31  Roach x4  
  167  11:39  Roach x2  
  153  11:46  Roach  
  123  11:47  Nydus Canal  
  123  11:49  Roach  
  123  11:52  Ravager  
Show
View Real Time Build Order
Export as new Build Order

Nerchio Zerg - Winner!

Build Orders: Hatch First 

Get SALT Encoding   

  12  0:00  Drone  
  13  0:12  Overlord  
  13  0:17  Drone  
  14  0:30  Drone x2  
  16  0:49  Hatchery  
  15  0:53  Drone  
  15  0:56  Drone  
  17  1:00  Drone  
  18  1:09  Extractor  
  17  1:15  Spawning Pool  
  17  1:18  Drone  
  17  1:22  Drone  
  18  1:28  Drone  
  19  1:38  Drone  
  20  1:49  Overlord  
  20  2:02  Queen x2, Zergling x2  
  20  2:03  Zergling x2  
  26  2:10  Metabolic Boost  
  26  2:12  Drone  
  26  2:15  Drone  
  28  2:21  Drone  
  29  2:23  Drone  
  30  2:33  Drone  
  30  2:36  Evolution Chamber  
  30  2:47  Hatchery  
  30  2:49  Drone  
  30  2:54  Drone  
  30  2:57  Overlord  
  31  3:01  Drone  
  32  3:11  Zerg Ground Armor Level 1  
  31  3:13  Drone x2  
  31  3:17  Drone  
  31  3:18  Drone  
  35  3:20  Drone  
  35  3:23  Drone  
  37  3:27  Overlord  
  37  3:34  Drone x2  
  37  3:40  Zergling x2  
  37  3:41  Zergling x6  
  42  3:44  Overlord  
  42  3:50  Zergling x6  
  42  3:54  Zergling x2  
  42  3:55  Zergling x2  
  47  3:57  Zergling x2  
  47  3:58  Zergling x2  
  49  4:05  Roach Warren  
  49  4:06  Zergling x2  
  49  4:11  Zergling x2  
  49  4:12  Zergling x4  
  52  4:18  Zergling x8  
  52  4:20  Zergling x2  
  57  4:25  Zergling x2  
  57  4:26  Zergling x4  
  57  4:31  Overlord  
  59  4:41  Overlord  
  59  4:51  Roach x7  
  73  4:56  Overlord  
  73  5:00  Roach x2  
  73  5:03  Roach  
  73  5:05  Roach  
  81  5:08  Overlord  
  81  5:13  Overlord  
  81  5:24  Extractor  
  81  5:27  Queen  
  82  5:29  Extractor  
  82  5:32  Drone x4  
  82  5:33  Drone x3  
  82  5:34  Drone  
  89  5:36  Drone  
  89  5:39  Drone  
  89  5:41  Drone  
  92  5:43  Drone  
  92  5:46  Drone  
  94  5:54  Lair  
  94  5:56  Overlord  
  94  6:02  Queen  
  96  6:09  Overlord x2  
  96  6:12  Drone x2  
  96  6:14  Drone  
  96  6:16  Drone  
  96  6:18  Zerg Missile Weapons Level 1  
  99  6:28  Roach x4  
  99  6:30  Roach  
  109  6:35  Roach x2  
  109  6:39  Roach x2  
  117  6:44  Roach  
  117  6:45  Roach  
  121  6:49  Overlord  
  121  6:50  Overlord  
  121  6:53  Glial Reconstitution  
  121  6:55  Overseer  
  121  6:56  Overseer  
  121  6:59  Roach  
  123  7:02  Overlord x2  
  123  7:10  Drone x2  
  123  7:11  Drone  
  123  7:12  Extractor  
  125  7:16  Roach x4  
  125  7:18  Overlord  
  133  7:25  Roach x3  
  139  7:30  Roach  
  139  7:31  Roach  
  139  7:34  Roach x2  
  147  7:38  Roach  
  148  7:46  Drone x3  
  148  7:47  Extractor  
  148  7:48  Overlord  
  148  7:49  Overlord  
  150  7:59  Extractor, Hydralisk Den, Drone x5  
  150  8:03  Drone x2  
  155  8:08  Drone x3  
  158  8:17  Overlord x2  
  158  8:24  Overlord x2  
  158  8:33  Hydralisk x5  
  165  8:36  Hydralisk  
  165  8:40  Zerg Missile Weapons Level 2  
  166  8:43  Hydralisk  
  166  8:47  Spore Crawler  
  167  8:48  Hydralisk  
  167  8:51  Roach x2  
  171  8:55  Spore Crawler  
  171  9:02  Roach x4  
  178  9:08  Grooved Spines  
  178  9:09  Roach  
  182  9:10  Roach  
  182  9:13  Roach x2  
  182  9:16  Overlord  
  186  9:21  Overlord  
  186  9:22  Overlord  
  186  9:35  Roach  
  186  9:36  Roach x3  
  186  9:38  Spore Crawler  
  193  9:41  Roach x3  
  199  9:52  Pneumatized Carapace  
  199  10:20  Muscular Augments, Lurker Den  
  195  10:36  Roach x2  
  194  10:52  Spine Crawler  
  194  10:54  Spine Crawler x2  
  194  10:55  Spine Crawler  
  190  11:01  Spine Crawler  
  189  11:19  Hydralisk  
  189  11:20  Hydralisk x4  
  189  11:24  Roach x3  
  193  11:26  Roach x4  
  193  11:27  Roach x2  
  193  11:29  Roach x6  
  193  11:31  Roach x7  
  195  11:32  Roach  
  195  11:33  Roach  
  195  11:35  Roach x4  
  195  11:38  Roach x4  
  199  11:40  Roach  
  199  11:42  Roach  
  199  11:46  Roach  
  181  11:48  Roach  
  181  11:50  Roach  
Tags
 
Add a new tag
Caveats
  • Supply blocks, unpowered buildings, or Contaminate may cause inaccurate times.
  • Supply counts are checked every 10 seconds.